 Dungeon Crawl Stone Soup version 0.18.1-6-gd335043 (webtiles) character file.

67 MenacingMecha the Firebug (level 3, -1/19 HPs)
             Began as a Deep Elf Fire Elementalist on May 19, 2016.
             Slain by a gnoll
             ... wielding a +0 spear
              (5 damage)
             ... on level 2 of the Dungeon.
             The game lasted 00:08:48 (2176 turns).

MenacingMecha the Firebug (DEFE)                    Turns: 2176, Time: 00:08:49

Health: -1/19      AC:  5    Str:  6    XL:     3   Next: 98%
Magic:  10/10      EV: 13    Int: 19    God:
Gold:   111        SH:  0    Dex: 15    Spells: 3 memorised, 4 levels left

rFire  + . .     SeeInvis .     r - +0 short sword
rCold  x . .     Gourm    .     a - +0 robe
rNeg   . . .     Faith    .     (no shield)
rPois  .         Spirit   .     (no helmet)
rElec  .         Dismiss  .     (no cloak)
rCorr  .         Reflect  .     (no gloves)
SustAt .         Harm     .     l - +2 pair of boots
MR     .....                    (no amulet)
Stlth  ++........               (no ring)
                                f - ring of fire {rF+, rC-}

@: not resistant to hostile enchantments, unstealthy
A: no striking features
a: no special abilities


You were on level 2 of the Dungeon.
You were not hungry.

You visited 1 branch of the dungeon, and saw 3 of its levels.

You collected 111 gold pieces.

Inventory:

Hand Weapons
 r - a +0 short sword (weapon)
   (You took it off a kobold on level 2 of the Dungeon)
Armour
 a - a +0 robe (worn)
 l - a +2 pair of boots (worn)
   (You found it on level 1 of the Dungeon)
Jewellery
 f - a ring of fire (left hand) {rF+, rC-}
   (You found it on level 1 of the Dungeon)
Scrolls
 d - 2 scrolls of identify {unknown}
 i - a scroll of fear {unknown}
 j - a scroll of recharging {unknown}
 n - a scroll of enchant armour {unknown}
 o - a scroll of noise {unknown}
 p - 2 scrolls of remove curse {unknown}
 q - a scroll of amnesia {unknown}
Potions
 e - a potion of might {unknown}
 h - a potion of mutation {unknown}
 k - a potion of ambrosia {unknown}
 m - a potion of brilliance {unknown}
Books
 b - a book of Flames
Comestibles
 c - a bread ration
 g - 3 chunks of flesh


   Skills:
 - Level 2.4 Dodging
 - Level 2.4 Stealth
 + Level 4.0 Spellcasting
 + Level 2.2 Conjurations
 + Level 4.3 Fire Magic


You had 4 spell levels left.
You knew the following spells:

 Your Spells              Type           Power        Failure   Level  Hunger
a - Flame Tongue          Conj/Fire      ###..        4%          1    None
c - Conjure Flame         Conj/Fire      ###.....     12%         3    ###....
x - Throw Flame           Conj/Fire      ###...       8%          2    ##.....


Dungeon Overview and Level Annotations

Branches:
Dungeon (3/15)

Altars:
Vehumet


Message History

Eating one of 2 chunks of flesh.
This raw flesh tastes terrible.
You continue eating. x2
You see here a club.
A bat comes into view.
Casting: Flame Tongue
Confirm with . or Enter, or press ? or * to list all spells.
Aiming: Flame Tongue
Press: ? - help, Shift-Dir - straight line, f - bat
Aim: a bat You feel a surge of power!
The flame tongue hits the bat.
You kill the bat!
You see here a bat corpse.
You butcher the bat corpse.
g - 2 chunks of flesh (gained 1)
There is an escape hatch in the floor here.
There is an escape hatch in the ceiling here.
Some of the chunks of flesh in your inventory have rotted away.
There is a stone staircase leading down here.
You climb downwards. 4 gnolls come into view.
There is a stone staircase leading up here.
The helpless gnoll fails to defend itself.
You hit the gnoll.
The gnoll is moderately wounded.
The gnoll misses you. The gnoll closely misses you.
You climb upwards.
There is a stone staircase leading down here.
Casting: Flame Tongue
Confirm with . or Enter, or press ? or * to list all spells.
Aiming: Flame Tongue
Press: ? - help, Shift-Dir - straight line, f - gnoll
Aim: a gnoll, wielding a whip (moderately wounded)
You feel a surge of power!
The flame tongue hits the gnoll.
You kill the gnoll!
Your Spellcasting skill increases to level 4!
Casting: Flame Tongue
Confirm with . or Enter, or press ? or * to list all spells.
You can't see any susceptible monsters within range! (Use Z to cast anyway.) Unknown command.
Things that are here:
a whip; a gnoll corpse You butcher the gnoll corpse.
g - 3 chunks of flesh (gained 2)
You see here a whip.
Memorise Conjure Flame, consuming 3 spell levels and leaving 4?
You start memorising the spell.
You continue memorising. x3
Magic restored.
You finish memorising.
Spell assigned to 'c'.
There is a stone staircase leading down here.
You climb downwards.
The gnoll shouts! x2
There is a stone staircase leading up here.
Unknown command.
Casting: Flame Tongue
Confirm with . or Enter, or press ? or * to list all spells.
Aiming: Flame Tongue
Press: ? - help, Shift-Dir - straight line, f - gnoll
Aim: a gnoll, wielding a whip You feel a surge of power!
The flame tongue hits the gnoll.
The gnoll is moderately wounded.
The gnoll barely misses you.
The gnoll hits you from afar with a spear.
The gnoll barely misses you.
You climb upwards.
There is a stone staircase leading down here.
Casting: Flame Tongue
Confirm with . or Enter, or press ? or * to list all spells.
Aiming: Flame Tongue
Press: ? - help, Shift-Dir - straight line, f - gnoll
Aim: a gnoll, wielding a whip (moderately wounded)
You feel a surge of power!
The flame tongue hits the gnoll.
The gnoll appears unharmed.
The gnoll is moderately wounded.
The gnoll hits you but does no damage.
Casting: Flame Tongue
Confirm with . or Enter, or press ? or * to list all spells.
Aiming: Flame Tongue
Press: ? - help, Shift-Dir - straight line, f/p - gnoll
Aim: a gnoll, wielding a whip (moderately wounded)
You feel a surge of power!
The flame tongue hits the gnoll.
You kill the gnoll!
Casting: Flame Tongue
Confirm with . or Enter, or press ? or * to list all spells.
You can't see any susceptible monsters within range! (Use Z to cast anyway.) Unknown command.
You start resting.
HP restored.
You climb downwards.
The gnoll hits you with a spear. x2
There is a stone staircase leading up here.
Unknown command.
The gnoll closely misses you. The gnoll hits you with a spear.
You climb upwards.
There is a stone staircase leading down here.
The gnoll barely misses you.
The gnoll hits you from afar with a spear.
* * * LOW HITPOINT WARNING * * *
You see here a whip.
The gnoll hits you from afar with a spear.
You die...

#.......# ##.##....#..#
#.## #.......# #.##....#..#
#.## #.....).# #..........#
#...
####(#############.##.#.##
###. #.# #.......#.##.#.#
#. #.# #.......#.##.#.#
#####. #.#
#......(#.##.#.####^....
#.#
#.........##............
#.##
#..g.)@.####.....##.....
#..# #...>...#
#.....##.###. ##.#
#...g...# #..#####..... #.#
######### #..#......... #.#
#########..#......... #.###
#.......##.#..##.##.. #...#
#.......##.#..#...#.. ###.#
#.#####.##......_....
#.#####.##..........#...#..


You could see 2 gnolls.

Vanquished Creatures
  2 gnolls (D:2)
  An adder (D:2)
  A dart slug (D:1)
  7 bats
  A giant cockroach (D:1)
  5 goblins
  5 hobgoblins
  2 jackals (D:1)
  3 kobolds
  A quokka (D:2)
  2 giant newts (D:1)
  4 rats
34 creatures vanquished.

Notes
Turn   | Place    | Note
--------------------------------------------------------------
     0 | D:1      | MenacingMecha the Deep Elf Fire Elementalist began the quest for the Orb.
     0 | D:1      | Reached XP level 1. HP: 10/10 MP: 6/6
   526 | D:1      | Reached XP level 2. HP: 15/15 MP: 6/8
   565 | D:1      | Learned a level 2 spell: Throw Flame
  1613 | D:2      | Reached skill level 2 in Conjurations
  1613 | D:2      | Reached XP level 3. HP: 19/19 MP: 7/10
  1714 | D:2      | Reached skill level 4 in Fire Magic
  1760 | D:2      | Found a radiant altar of Vehumet.
  2141 | D:2      | Reached skill level 4 in Spellcasting
  2149 | D:2      | Learned a level 3 spell: Conjure Flame
  2175 | D:2      | HP: 4/19 [gnoll/spear (3)]
  2176 | D:2      | Slain by a gnoll

Skill      XL: |  1  2  3 |
---------------+----------+-----
Conjurations   | 2 |  2.2
Fire Magic     | 4 |  4.3
Spellcasting   | 4 |  4.0
Dodging        | |  2.4
Stealth        | |  2.4

Action                   || total
-------------------------++-------
Melee: Club              ||    69
       Short sword       ||     1
 Cast: Flame Tongue      ||    44
 Stab: Sleeping          ||     4
  Eat: Chunk             ||     4
Armor: Robe              ||    32
Dodge: Dodged            ||    70

Vault maps used:
D:1:      zaba_arrival_water, st_stairs_12
D:2:      nicolae_overflow_crystal_walls
D:3:      lemuel_doored_altar, lemuel_old_faithful, uniq_robin

Table legend:
 A = Turns spent in this place as a percentage of turns spent in the entire game.
 B = Non-inter-level travel turns spent in this place as a percentage of non-inter-level travel turns spent in the entire game.
 C = Inter-level travel turns spent in this place as a percentage of turns spent in this place.
 D = Turns resting spent in this place as a percentage of non-inter-level travel turns spent in this place.
 E = Turns spent auto-exploring this place as a percentage of non-inter-level travel turns spent in this place.
 F = Non-inter-level travel turns spent in this place divided by the number of levels of this place that you've seen.
                   A       B       C       D       E      F
               +-------+-------+-------+-------+-------+----------------------
         Total | 100.0 | 100.0 |   1.3 |   3.3 |   0.0 | 339.7
       Dungeon | 100.0 | 100.0 |   1.3 |   3.3 |   0.0 | 339.7
               +-------+-------+-------+-------+-------+----------------------

Table legend:
 A = Kills in this place as a percentage of kills in entire the game.
 B = Kills by you in this place as a percentage of kills by you in the entire game.
 C = Kills by friends in this place as a percentage of kills by friends in the entire game.
 D = Other kills in this place as a percentage of other kills in the entire game.
 E = Experience gained in this place as a percentage of experience gained in the entire game.
 F = Experience gained in this place divided by the number of levels of this place that you have seen.
                   A       B       C       D       E      F
               +-------+-------+-------+-------+-------+----------------------
         Total | 100.0 | 100.0 |  -nan |  -nan | 100.0 |  32.0
       Dungeon | 100.0 | 100.0 |  -nan |  -nan | 100.0 |  32.0
               +-------+-------+-------+-------+-------+----------------------
